AoeStats
← beneath mariana

Hill Fort

503868271Analyzed
4v4 RM · 29d ago on Sep 2, 2026· 51m 10s· 8 players
Game mode
Random Map
Map size
Large (8 player)
Population
200
Speed
Normal
Resources
Standard
Victory
Conquest
Starting age
Dark Age
Ending age
Imperial Age
RankedLock teamsTeams togetherTeam positionsShared explorationLock speedFull tech treeHidden civsTurbo modeCheats
Victory
Defeat
🇦🇷 Turks · Argentina
1430
+17
🇨🇳 Cumans · China
1412
+18
🇸🇰 Mapuche · Slovakia
1410
+18
🇸🇰 Teutons · Slovakia
1391
+19
🇳🇱 Tatars · Netherlands
1523
-21
🇳🇱 Byzantines · Netherlands
1522
-21
🇳🇱 Magyars · Netherlands
1481
-19
🇳🇱 Saracens · Netherlands
1278
-10
ReigNessaince
7:11 Loom
10:42 Feudal Age
14:37 Castle Age
13:09 Horse Collar
13:25 Double-Bit Axe
14:41 Champi Runner
15:55 Scale Mail Armor
16:22 Town Watch
22:25 Champi Warrior
24:17 Scale Mail Armor
29:24 Chain Mail Armor
29:20 Forging
35:56 Iron Casting
35:13 Fletching
35:24 Padded Archer Armor
37:58 Imperial Age
36:00 Bodkin Arrow
37:51 Malon
38:10 Leather Archer Armor
38:19 Ballistics
39:47 Chemistry
40:18 Conscription
41:30 Wheelbarrow
40:25 Elite Bolas Rider
42:12 Ring Archer Armor
42:57 Butalmapu
46:34 Plate Mail Armor
46:39 Iron Casting
45:27 Elite Champi Warrior
45:52 Arson
46:23 Treadmill Crane
46:53 Masonry
47:19 Siege Engineers
feshark
9:51 Feudal Age
10:47 Loom
13:29 Double-Bit Axe
13:29 Horse Collar
17:21 Castle Age
18:56 Scale Barding Armor
19:41 Wheelbarrow
20:14 Wheelbarrow
21:49 Chain Barding Armor
21:42 Bloodlines
22:22 Fletching
23:30 Bow Saw
23:21 Heavy Plow
23:58 Town Watch
26:06 Forging
29:39 Imperial Age
27:23 Gold Mining
27:23 Stone Mining
28:41 Iron Casting
28:54 Hand Cart
29:13 Squires
29:45 Cavalier
31:01 Plate Barding Armor
31:28 Blast Furnace
31:52 Two-Man Saw
32:50 Crop Rotation
32:42 Paladin
35:43 Ballistics
35:52 Heavy Scorpion
39:55 Chemistry
40:25 Siege Engineers
42:16 Masonry
43:29 Coinage
43:09 Guilds
46:49 Caravan
1976
5:06 Loom
11:03 Feudal Age
17:12 Castle Age
15:18 Double-Bit Axe
15:46 Stone Mining
16:12 Horse Collar
18:07 Bow Saw
18:29 Gold Mining
27:25 Town Watch
27:51 Padded Archer Armor
30:00 Wheelbarrow
32:45 Hand Cart
32:42 Fletching
34:35 Leather Archer Armor
34:52 Heavy Plow
37:38 Imperial Age
35:56 Husbandry
36:07 Bloodlines
36:04 Scale Barding Armor
35:55 Bodkin Arrow
37:17 Chain Barding Armor
37:34 Forging
39:53 Two-Man Saw
39:30 Gold Shaft Mining
39:57 Plate Barding Armor
42:08 Iron Casting
41:34 Bodkin Arrow
42:22 Masonry
42:37 Conscription
42:35 Treadmill Crane
44:54 Blast Furnace
44:17 Ballistics
44:20 Capped Ram
45:47 Bombard Tower
45:58 Architecture
46:06 Hoardings
45:39 Artillery
47:20 Murder Holes
47:47 Caravan
47:58 Guilds
50:06 Coinage
beneath mariana
8:27 Feudal Age
9:24 Loom
13:52 Double-Bit Axe
16:05 Horse Collar
20:12 Wheelbarrow
20:47 Town Watch
23:32 Castle Age
21:47 Bloodlines
22:49 Forging
22:44 Scale Barding Armor
22:46 Fletching
24:59 Iron Casting
24:40 Bow Saw
25:34 Chain Barding Armor
27:51 Gold Mining
29:25 Hand Cart
30:48 Heavy Plow
33:52 Imperial Age
32:41 Fletching
33:18 Padded Archer Armor
33:19 Bodkin Arrow
33:25 Padded Archer Armor
33:30 Steppe Husbandry
34:11 Gold Shaft Mining
35:10 Conscription
34:18 Elite Kipchak
35:21 Leather Archer Armor
35:53 Ballistics
36:34 Chemistry
37:16 Ring Archer Armor
38:02 Parthian Tactics
37:43 Thumb Ring
37:05 Light Cavalry
37:48 Steppe Husbandry
38:50 Plate Barding Armor
40:51 Chemistry
40:55 Two-Man Saw
41:19 Blast Furnace
41:46 Cuman Mercenaries
43:02 Stone Mining
43:46 Caravan
43:56 Guilds
43:35 Hussar
45:53 Crop Rotation
50:16 Coinage
49:38 Cavalier
52:05 Hoardings
skik
11:15 Feudal Age
15:20 Castle Age
13:16 Double-Bit Axe
13:15 Horse Collar
13:57 Loom
14:52 Fletching
18:00 Bow Saw
20:49 Bodkin Arrow
24:33 Wheelbarrow
24:57 Gold Mining
27:24 Padded Archer Armor
30:52 Bloodlines
30:42 Husbandry
32:35 Hand Cart
32:06 Town Watch
32:51 Ballistics
36:42 Leather Archer Armor
36:37 Heavy Plow
38:03 Gold Shaft Mining
48:46 Imperial Age
49:45 Scale Barding Armor
50:09 Light Cavalry
51:05 Scale Barding Armor
Helde
6:09 Loom
6:14 Loom
12:59 Feudal Age
17:44 Castle Age
20:20 Forging
19:57 Horse Collar
20:05 Double-Bit Axe
20:49 Heavy Plow
20:49 Gold Mining
26:17 Scale Barding Armor
37:14 Iron Casting
41:27 Chain Barding Armor
45:53 Fortified Wall
46:04 Ballistics
52:26 Imperial Age
50:37 Wheelbarrow
Xyrr
11:14 Feudal Age
14:53 Castle Age
13:07 Double-Bit Axe
13:35 Horse Collar
15:05 Loom
16:05 Bow Saw
23:56 Scale Barding Armor
27:49 Forging
28:50 Chain Barding Armor
30:19 Iron Casting
33:24 Heavy Plow
33:32 Stone Mining
34:28 Wheelbarrow
38:24 Imperial Age
38:24 Elite Cataphract
39:07 Greek Fire
39:38 Logistica
40:10 Conscription
42:01 Plate Barding Armor
Brownie
8:34 Loom
11:15 Feudal Age
11:57 Double-Bit Axe
12:40 Loom
15:44 Castle Age
14:55 Horse Collar
16:35 Bow Saw
21:44 Heavy Plow
23:10 Wheelbarrow
23:37 Town Watch
23:58 Stone Mining
24:01 Gold Mining
26:01 Fletching
26:41 Bodkin Arrow
27:32 Hand Cart
29:15 Thumb Ring
29:41 Thumb Ring
29:54 Padded Archer Armor
30:26 Husbandry
30:36 Bloodlines
30:51 Town Patrol
36:34 Imperial Age
35:31 Ballistics
35:49 Leather Archer Armor
37:14 Bracer
38:16 Chemistry
36:45 Heavy Cavalry Archer
37:28 Recurve Bow
38:40 Parthian Tactics
38:39 Corvinian Army
40:00 Conscription
40:30 Ring Archer Armor
40:35 Elite Magyar Huszar
43:43 Two-Man Saw
44:20 Hoardings
45:25 Scale Barding Armor
47:01 Chain Barding Armor
47:32 Caravan
50:14 Light Cavalry
Connection lost

Rejoining the realm…

Still unreachable

The connection could not be restored.

Session expired

The server has moved on; the page needs a fresh start.